 Dungeon Crawl Stone Soup version 0.18-a0-1353-gf2a912f (webtiles) character file.

6520 Banto the Grappler (level 11, -3/50 HPs)
             Began as a Vine Stalker Skald on Feb 19, 2016.
             Was a Believer of Zin.
             Slain by Erolcha
             ... wielding a +0 giant club
              (8 damage)
             ... on level 9 of the Dungeon.
             The game lasted 00:16:47 (7967 turns).

Banto the Grappler (Vine Stalker Skald)             Turns: 7967, Time: 00:16:47

Health: -3/50      AC: 16    Str: 18    XL:     11   Next: 0%
Magic:  0/24       EV: 13    Int: 12    God:    Zin [**....]
Gold:   454        SH:  0    Dex: 14    Spells: 3 memorised, 9 levels left

rFire  . . .     SeeInvis .       - Unarmed
rCold  . . .     Gourm    .     i - +0 scale mail
rNeg   . . .     Faith    .     (no shield)
rPois  .         Spirit   +     n - +1 helmet
rElec  .         Dismiss  .     C - +0 cloak
rCorr  .         Reflect  .     e - +0 pair of gloves
SustAt .         Harm     .     o - +1 pair of boots
MR     +....                    (no amulet)
Stlth  ..........               v - ring of magical power
                                l - +3 ring of evasion

@: somewhat resistant to hostile enchantments, extremely unstealthy
A: fangs 3, regeneration 2, magic shield, antimagic bite, no device heal 3, rot
immunity
a: Recite, Vitalisation, Donate Gold, Renounce Religion


You were on level 9 of the Dungeon.
You worshipped Zin.
Zin was pleased with you.
You were not hungry.

You visited 2 branches of the dungeon, and saw 11 of its levels.

You collected 616 gold pieces.
You spent 112 gold pieces at shops.
You donated 50 gold pieces to Zin.

Inventory:

Hand Weapons
 b - a +0 blowgun
Missiles
 F - 14 poisoned needles
Armour
 e - a +0 pair of gloves (worn)
 i - a +0 scale mail (worn)
 n - a +1 helmet (worn)
 o - a +1 pair of boots (worn)
 C - a +0 cloak (worn)
Jewellery
 l - a +3 ring of evasion (left hand)
 v - a ring of magical power (right hand)
 A - an uncursed ring of protection from cold
Wands
 d - a wand of flame (30/48)
 x - a wand of disintegration (9/24)
Scrolls
 j - 3 scrolls of recharging
 p - 4 scrolls of remove curse
 q - a scroll of magic mapping
 r - 4 scrolls of identify
 u - a scroll of fog
 y - 2 scrolls of teleportation
 D - a scroll of amnesia
Potions
 a - a potion of flight
 g - 2 potions of agility
 h - a potion of ambrosia
 m - 3 potions of invisibility
 t - 2 potions of curing
 z - a potion of brilliance
Comestibles
 c - 6 bread rations
 f - 30 fruits
 k - a chunk of flesh
 s - 2 meat rations


   Skills:
 - Level 1.7 Fighting
 + Level 9.7 Armour
 - Level 0.7 Dodging
 + Level 11.6 Unarmed Combat
 - Level 2.1 Spellcasting
 - Level 3.0 Charms


You had 9 spell levels left.
You knew the following spells:

 Your Spells              Type           Power        Failure   Level  Hunger
a - Infusion              Chrm           #...         21%         1    ##.....
b - Song of Slaying       Chrm           #.......     30%         2    ###....
c - Shroud of Golubria    Chrm/Tloc      #.........   61%         2    ###....


Dungeon Overview and Level Annotations

Branches:
Dungeon (10/15)            Temple (1/1) D:7            Lair (0/8) D:8
    Orc: D:9-12

Altars:
Ashenzari
Cheibriados
Dithmenos
Elyvilon
Fedhas
Gozag
Kikubaaqudgha
Makhleb
Nemelex Xobeh
Okawaru
Pakellas
Qazlal
Sif Muna
Trog
Vehumet
Yredelemnul
Zin
The Shining One

Shops:
D:5 ?=   D:6 ?   D:7 }:

Annotations:
D:9 Erolcha


Innate Abilities, Weirdness & Mutations

You have razor-sharp teeth.
You heal very quickly.
When hurt, damage is shared between your health and your magic reserves.
Your bite disrupts and absorbs the magic of your enemies.
Potions and wands cannot restore your health.
You are immune to rotting.


Message History

The two-headed ogre misses you.
You bump into the rock wall.
You feel less confused.
Erolcha points at you and mumbles some strange words.
The magic dart hits you! Erolcha hits you with a giant club!
* * * LOW HITPOINT WARNING * * *
You kill the two-headed ogre!
You have reached level 11!
You hit Erolcha.
Erolcha is moderately wounded.
Erolcha hits you with a giant club!
* * * LOW HITPOINT WARNING * * *
Unknown command.
Unknown command.
Drink which item? (? for menu, Esc to quit)
Okay, then.
You barely miss Erolcha.
Erolcha is moderately wounded.
Erolcha hits you with a giant club!
You die...

....##....#.............#
#.....
....##....######........#
#..... ......#####
###.....## #..... ...##.#
#.....# #.....
##.##.############.....#
#.....
.......................#
#.....
##...[....############.#
#..... .#........'......#
#.# #.....
..........######@## #.#
###### .#.>......# #O.#
#.# ..........# #).## #.#
.##.......# ##.#####'###
.).#'###### #..)......#
.....###### #>........#
##........### #.........#
###########.####.........#
.........##_.≈#........###


You could see Erolcha.

Vanquished Creatures
  Pikel (D:6)
  2 two-headed ogres (D:9)
  A vampire (D:9)
  A yak (D:9)
  2 hungry ghosts (D:9)
  2 sky beasts
  2 hippogriffs
  Menkaure (D:6)
  3 orc warriors
  4 ice beasts
  2 black bears (D:8)
  3 phantoms
  4 ogres
  6 centaurs
  A crocodile (D:10)
  4 big kobolds
  6 giant frogs
  A wyvern skeleton (D:10)
  A water moccasin skeleton (D:8)
  11 killer bees
  2 crimson imps
  A centaur zombie (D:5)
  A giant frog zombie (D:6)
  A quasit (D:9)
  2 hounds
  Crazy Yiuf (D:6)
  4 giant frog skeletons
  5 orc priests
  A jelly (D:9)
  10 orc wizards
  2 iguanas
  9 worker ants
  A killer bee zombie (D:9)
  A hound zombie (D:7)
  A hound skeleton (D:9)
  A worker ant zombie (D:5)
  3 gnolls (D:6)
  6 adders
  An ooze (D:2)
  An adder zombie (D:6)
  2 adder skeletons
  A worm (D:3)
  4 giant geckos
  21 orcs
  A ball python (D:2)
  A giant cockroach (D:6)
  8 goblins
  6 hobgoblins
  5 jackals
  21 kobolds
  6 bats
  A giant gecko skeleton (D:9)
  5 giant newts
  A quokka skeleton (D:4)
  7 rats
202 creatures vanquished.

Vanquished Creatures (others)
  A slave (D:6)
  A giant newt (D:6)
2 creatures vanquished.

Grand Total: 204 creatures vanquished

Notes
Turn   | Place    | Note
--------------------------------------------------------------
     0 | D:1      | Banto the Vine Stalker Skald began the quest for the Orb.
     0 | D:1      | Reached XP level 1. HP: 11/11 MP: 4/4
    56 | D:1      | Reached skill level 1 in Armour
   171 | D:1      | Reached XP level 2. HP: 5/15 MP: 6/6
   884 | D:1      | Reached XP level 3. HP: 13/18 MP: 4/7
  1206 | D:2      | Found an iron altar of Okawaru.
  1225 | D:2      | Found a faded altar to an unknown god.
  1618 | D:2      | Found a deep blue altar of Sif Muna.
  1841 | D:3      | Reached XP level 4. HP: 23/23 MP: 3/8
  1928 | D:3      | Found a blossoming altar of Fedhas.
  2104 | D:3      | Reached skill level 4 in Unarmed Combat
  2104 | D:3      | Reached XP level 5. HP: 11/26 MP: 3/9
  2495 | D:4      | Noticed a phantom
  2772 | D:4      | Gained mutation: You heal very quickly. [Vine Stalker growth]
  2772 | D:4      | Reached XP level 6. HP: 26/30 MP: 10/10
  3035 | D:4      | Reached skill level 5 in Unarmed Combat
  3314 | D:4      | Killed a phantom
  3314 | D:4      | Reached XP level 7. HP: 28/34 MP: 4/11
  3478 | D:5      | Entered Level 5 of the Dungeon
  3683 | D:5      | Found a shattered altar of Ashenzari.
  3685 | D:5      | Found a burning altar of Makhleb.
  3710 | D:5      | Found Uhionogu's Magic Scroll Emporium.
  3713 | D:5      | Bought a scroll of identify for 24 gold pieces
  3713 | D:5      | Bought a scroll of teleportation for 36 gold pieces
  3989 | D:5      | Found Jizxaps's Jewellery Shoppe.
  4175 | D:5      | Found a glowing golden altar of the Shining One.
  4211 | D:6      | Reached skill level 6 in Unarmed Combat
  4289 | D:6      | Found Aryedy's Magic Scroll Shop.
  4305 | D:6      | Bought a scroll of identify for 26 gold pieces
  4305 | D:6      | Bought a scroll of identify for 26 gold pieces
  4350 | D:6      | Noticed Menkaure
  4359 | D:6      | Killed Menkaure
  4359 | D:6      | Gained mutation: You have razor-sharp teeth. [Vine Stalker growth]
  4359 | D:6      | Reached XP level 8. HP: 26/38 MP: 11/12
  4387 | D:6      | Reached skill level 5 in Armour
  4500 | D:6      | Noticed Pikel
  4513 | D:6      | Killed Pikel
  4513 | D:6      | Reached skill level 7 in Unarmed Combat
  4598 | D:6      | Reached skill level 8 in Unarmed Combat
  4611 | D:6      | Reached XP level 9. HP: 36/42 MP: 13/13
  4646 | D:6      | Noticed Crazy Yiuf
  4652 | D:6      | Killed Crazy Yiuf
  4802 | D:7      | Learned a level 2 spell: Song of Slaying
  4805 | D:7      | Learned a level 2 spell: Shroud of Golubria
  4866 | D:7      | Found a staircase to the Ecumenical Temple.
  4872 | Temple   | Entered the Ecumenical Temple
  4892 | D:7      | Reached skill level 9 in Unarmed Combat
  5010 | D:7      | Found Deikkife's Book Shop.
  5045 | D:7      | Found Wyogiem's Gadget Emporium.
  5272 | D:8      | Found a staircase to the Lair.
  5412 | D:8      | Reached skill level 10 in Unarmed Combat
  5412 | D:8      | Reached XP level 10. HP: 46/46 MP: 14/14
  5419 | D:8      | Found a white marble altar of Elyvilon.
  5422 | D:8      | Found a shadowy altar of Dithmenos.
  6294 | Temple   | Became a worshipper of Zin the Law-Giver
  6294 | Temple   | Reached * piety under Zin
  6294 | Temple   | Reached ** piety under Zin
  6840 | D:9      | Reached skill level 11 in Unarmed Combat
  7073 | D:9      | Found an opulent altar of Gozag.
  7073 | D:9      | Found a snail-covered altar of Cheibriados.
  7704 | D:10     | Entered Level 10 of the Dungeon
  7704 | D:10     | Noticed Erolcha
  7786 | D:9      | Paralysed by fainting for 8 turns
  7965 | D:9      | Reached XP level 11. HP: 15/50 MP: 5/15
  7967 | D:9      | Slain by Erolcha

Vault maps used:
D:1:      wheals_arrival_shading, hex_large
D:2:      led_sif_pool, first_bread, serial_corexii_hall,
          corexii_hall_statues_i, corexii_hall_statues_deadend,
          ecumenical_altar_2, okawaru_trees_2
D:3:      fedhas_altar_fruit_tree
D:5:      overflow_temple_1_default, grunt_temple_overflow_open, serial_shops,
          nicolae_shop_stone, nicolae_shop_behind_doors, st_stairs_14,
          kennysheep_crisscross
D:6:      serial_shops, shop, uniq_pikel, uniq_menkaure, uniq_crazy_yiuf_cottage
D:7:      temple_green, serial_shops, shop, shop
D:8:      nicolae_overflow_hidden_temple, lair_0_dummy
D:9:      gammafunk_temple_overflow_statue, blue_anna_alchemist
D:10:     serial_shops, nicolae_shop_waterfront, onia_ninara_cookie,
          uniq_erolcha
Temple:   circular_temple_12

Action                   |  1- 3 |  4- 6 |  7- 9 | 10-12 || total
-------------------------+-------+-------+-------+-------++-------
Melee: Unarmed           |   137 |   244 |   298 |   255 ||   934
 Fire: Blowgun           |       |       |       |    33 ||    33
 Cast: Infusion          |     3 |    10 |    13 |     4 ||    30
Evoke: Wand              |       |       |       |     4 ||     4
  Use: Scroll            |     5 |     5 |     8 |     2 ||    20
       Potion            |       |       |     1 |       ||     1
  Eat: Chunk             |     3 |     5 |     8 |     3 ||    19
       Fruit             |       |       |       |     3 ||     3
       Pizza             |       |       |       |     3 ||     3
       Beef jerky        |       |       |       |     1 ||     1
